 Dungeon Crawl Stone Soup version 0.31-a0-986-g5e6e4ef867 (webtiles) character file.

Game seed: 831437860056655101

49 FakeRyeBread the Shield-Bearer (level 3, -1/23 HPs)
             Began as a Gargoyle Fighter on Nov 6, 2023.
             Slain by Sigmund
             ... wielding a +0 scythe
              (7 damage)
             ... on level 2 of the Dungeon.
             The game lasted 00:04:04 (1536 turns).

FakeRyeBread the Shield-Bearer (Gargoyle Fighter)   Turns: 1536, Time: 00:04:05

Health: -1/23      AC: 12    Str: 21    XL:     3   Next: 75%
Magic:  3/3        EV:  7    Int:  8    God:
Gold:   0          SH:  4    Dex:  9    Spells: 2/2 levels left

rFire   . . .        a - +0 flail
rCold   + . .        c - +0 buckler
rNeg    + . .        l - +0 chain mail
rPois   ∞            (no helmet)
rElec   +            (no cloak)
rCorr   +            (no gloves)
SInv    .            (no boots)
Will    .....        (no amulet) Stlth
                     k - ring of resist corrosion
HPRegen 0.23/turn    j - ring of protection from cold
MPRegen 0.08/turn

%: no passive effects
@: no status effects
A: sickness immunity, AC +3, negative energy resistance 1, electricity
resistance, torment resistance 1, petrification resistance
a: no special abilities


You were on level 2 of the Dungeon.
You visited 1 branch of the dungeon, and saw 2 of its levels.

You collected 49 gold pieces.
You spent 49 gold pieces at shops.

Inventory:

Hand Weapons
 a - a +0 flail (weapon)
Missiles
 o - 6 javelins
Armour
 c - a +0 buckler (worn)
 l - a +0 chain mail (worn)
Jewellery
 j - a ring of protection from cold (right hand)
 k - a ring of resist corrosion (left hand)
 t - a +6 ring of dexterity
Scrolls
 e - 2 scrolls of enchant armour {unknown}
 f - a scroll of vulnerability {unknown}
 g - a scroll of silence {unknown}
 n - a scroll of teleportation {unknown}
 p - a scroll of enchant weapon {unknown}
 q - 2 scrolls of identify {unknown}
 u - a scroll of fear {unknown}
Potions
 b - a potion of heal wounds {unknown}
 d - a potion of might
 h - a potion of invisibility {unknown}
 i - a potion of enlightenment {unknown}
 r - a potion of mutation {unknown}
 s - a potion of haste {unknown}


   Skills:
 + Level 3.6 Fighting
 * Level 3.0 Maces & Flails
 + Level 3.6 Armour
 + Level 3.6 Shields


You had 2 spell levels left.
You didn't know any spells.
Your spell library contained the following spells:

 Spells                   Type           Power      Damage    Failure   Level
 Inner Flame              Hex/Fire       0%         N/A       100%        3
 Flame Wave               Conj/Fire      0%         2d4       100%        4
 Sticky Flame             Conj/Fire      0%         2d3       100%        4


Dungeon Overview and Level Annotations

Branches:
Dungeon (2/15)

Altars:
Sif Muna

Shops:
D:2 (?[*

Annotations:
D:2 Sigmund


Innate Abilities, Weirdness & Mutations

You are immune to sickness and miasma.
Your stone body is resilient. (AC +3)
You are immune to poison.
You resist negative energy. (rN+)
You are resistant to electric shocks. (rElec)
You are resistant to unholy torment.
You are immune to petrification.


Message History

The bat hits you but does no damage. You block the bat's attack.
Something completely misses you.
You sock the bat!
You kill the bat!
Something hits you but does no damage. You block the kobold's attack.
You see here a bat corpse.
You miss something. Something hits you! The kobold hits you but does no damage.
You miss something.
You hear some strange, mumbled words.
Something tries to affect you, but you resist.
The kobold hits you with a +0 short sword.
You closely miss something. Something hits you. You block the kobold's attack.
The kobold hits you but does no damage.
You miss something.
You hear some strange, mumbled words.
You are confused.
The kobold hits you with a +0 short sword.
You hear some strange, mumbled words.
A puff of flame appears from out of thin air!
The puff of flame hits you!
* * * LOW HITPOINT WARNING * * *
You bump into the rock wall.
The kobold hits you but does no damage. Something hits you but does no damage.
You bump into the rock wall.
The kobold hits you but does no damage.
It was a potion of curing.
You feel better. Something hits you!
* * * LOW HITPOINT WARNING * * *
The kobold hits you with a +0 short sword.
* * * LOW HITPOINT WARNING * * *
Unknown command.
You feel better. You block the kobold's attack. Something hits you.
* * * LOW HITPOINT WARNING * * *
You hit something.
Sigmund appears from thin air!
Reactivating autopickup.
The kobold hits you but does no damage.
You barely miss Sigmund.
Sigmund is lightly wounded.
Sigmund hits you with a +0 scythe!
You die...
Sigmund begins carving another notch in his scythe.

################
#............@@#
#.##...#######K####
####.................#
............#.#.#.#..##########
####.........#.##.##..........#
####......#.###.............#.#
.........##..#.#...#.######.#.#
.###.....##.#.#.....##### #.#.#
.# #...#.#..............# #.#.#


You could see Sigmund and a kobold.

Vanquished Creatures
  A gnoll (D:1)
  A dart slug (D:1)
  4 bats
  3 endoplasms (D:1)
  2 giant cockroaches
  6 goblins
  A hobgoblin (D:1)
  2 jackals (D:1)
  3 quokkas
  A ball python (D:2)
  A frilled lizard (D:2)
  4 kobolds
  4 rats
33 creatures vanquished.

Notes
Turn   | Place    | Note
-------+----------+-------------------------------------------
     0 | D:1      | FakeRyeBread the Gargoyle Fighter began the quest for the
                  | Orb.
     0 | D:1      | Reached XP level 1. HP: 14/14 MP: 1/1
   225 | D:1      | Reached XP level 2. HP: 19/19 MP: 2/2
   452 | D:1      | Reached XP level 3. HP: 1/23 MP: 3/3
  1146 | D:2      | Found a shimmering blue altar of Sif Muna.
  1181 | D:2      | Found Riogom's Antique Armour Emporium.
  1229 | D:2      | Found Tiefi's Magic Scroll Shoppe.
  1270 | D:2      | Found Ulub's Antique Weapon Boutique.
  1410 | D:2      | Found Ecraaqou's Assorted Antiques.
  1417 | D:2      | Bought a fizzy brown potion for 15 gold pieces
  1417 | D:2      | Bought a scroll labelled NIPTAU QOMO for 17 gold pieces
  1417 | D:2      | Bought a scroll labelled JOTU SURUSUPP for 17 gold pieces
  1487 | D:2      | Noticed Sigmund
  1536 | D:2      | Slain by Sigmund

Illustrated notes

Levels and vault maps discovered:
D:1:      eino_arrival_water_cross, layout_basic, serial_bayou_crossing
D:2:      layout_loops_ring, basic_altar, serial_shops, nicolae_diamond_shop,
          shop, shop, shop, uniq_sigmund

Skill      XL: |  1  2  3 |
---------------+----------+-----
Maces & Flails | 3 |  3.0
Fighting       | |  3.6
Armour         | |  3.6
Shields        | |  3.6

Action                     || total
---------------------------++-------
  Melee: Flail             ||   125
    Use: Potion            ||     2
 Armour: Scale mail        ||    45
         Chain mail        ||    66
  Dodge: Dodged            ||    57
  Block: Buckler           ||    30

Table legend: (Time is in decaauts)
 A = Elapsed time spent in this place.
 B = Non-inter-level travel time spent in this place.
 C = Inter-level travel time spent in this place.
 D = Time resting spent in this place.
 E = Time spent auto-exploring this place.
 F = Levels seen in this place.
 G = Mean time per level.
                   A        B        C        D        E       F      G
               +--------+--------+--------+--------+--------+-----+--------+
         Total |   1577 |   1481 |     96 |    143 |    964 |   2 |  788.5 |
       Dungeon |   1577 |   1481 |     96 |    143 |    964 |   2 |  788.5 |
               +--------+--------+--------+--------+--------+-----+--------+

Top non-repeatable levels by time:
     D:1: 1123 daAuts
     D:2: 453 daAuts
